 Dungeon Crawl Stone Soup version 0.31-a0-765-g67fe2935dc (webtiles) character file.

Game seed: 11261718933412162187

182 Pixllover the Cudgeller (level 5, -1/34 HPs)
             Began as a Gargoyle Berserker on Sept 16, 2023.
             Was a Believer of Trog.
             Slain by a black bear (7 damage)
             ... on level 4 of the Dungeon.
             The game lasted 00:04:46 (2185 turns).

Pixllover the Cudgeller (Gargoyle Berserker)        Turns: 2185, Time: 00:04:48

Health: -1/34      AC: 14    Str: 23    XL:     5   Next: 61%
Magic:  5/5        EV:  9    Int:  7    God:    Trog [**....]
Gold:   134        SH:  0    Dex:  9    Spells: 4/4 levels left

rFire   . . .        a - +0 mace
rCold   . . .        (no shield)
rNeg    + . .        h - +0 chain mail
rPois   ∞            (no helmet)
rElec   +            s - +0 cloak
rCorr   .            (no gloves)
SInv    .            (no boots)
Will    .....        (no amulet) Stlth
                     (no ring)
HPRegen 0.25/turn    (no ring)
MPRegen 0.09/turn

%: no passive effects
@: no status effects
A: sickness immunity, AC +4, negative energy resistance 1, electricity
resistance, torment resistance 1, petrification resistance
a: Renounce Religion, Berserk, Trog's Hand


You were on level 4 of the Dungeon.
You worshipped Trog.
Trog was pleased with you.
You visited 1 branch of the dungeon, and saw 4 of its levels.

You collected 134 gold pieces.

Inventory:

Hand Weapons
 a - a +0 mace (weapon)
 o - a +0 spectral quarterstaff
Missiles
 d - 16 poisoned darts (quivered)
 k - 5 javelins
 l - 4 boomerangs
Armour
 h - a +0 chain mail (worn)
 s - a +0 cloak (worn)
Scrolls
 c - 2 scrolls of poison {unknown}
 e - a scroll of amnesia {unknown}
 j - a scroll of revelation {unknown}
 m - 2 scrolls of fear {unknown}
 n - 3 scrolls of noise {unknown}
 p - 2 scrolls of teleportation {unknown}
 q - a scroll of identify {unknown}
 v - a scroll of enchant armour {unknown}
 w - a scroll of vulnerability {unknown}
Potions
 b - a potion of lignification {unknown}
 f - a potion of curing {unknown}
 g - 2 potions of might {unknown}
 i - a potion of heal wounds {unknown}
 r - 2 potions of degeneration {unknown}
 t - 2 potions of brilliance {unknown}
 u - 2 potions of haste {unknown}


   Skills:
 + Level 4.3 Fighting
 + Level 4.5 Maces & Flails
 + Level 3.5 Armour
 + Level 2.0 Dodging
 + Level 0.1 Stealth


You had 4 spell levels left.
You didn't know any spells.
Your spell library was empty.

Dungeon Overview and Level Annotations

Branches:
Dungeon (4/15)
 Temple: D:4-7

Altars:


Innate Abilities, Weirdness & Mutations

You are immune to sickness and miasma.
Your stone body is resilient. (AC +4)
You are immune to poison.
You resist negative energy. (rN+)
You are resistant to electric shocks. (rElec)
You are resistant to unholy torment.
You are immune to petrification.


Message History

You sock the black bear!
The black bear is heavily wounded.
The black bear bites you.
The black bear claws you but does no damage. x2
You barely miss the black bear.
The black bear is heavily wounded.
The black bear bites you but does no damage.
The black bear closely misses you.
The black bear claws you but does no damage.
You hit the black bear.
The black bear is heavily wounded.
The black bear bites you.
The black bear claws you but does no damage.
The black bear barely misses you.
You closely miss the black bear.
The black bear is heavily wounded.
An orc comes into view. It is wielding a +0 club.
The black bear barely misses you.
The black bear claws you but does no damage. x2
You hit the black bear.
The black bear is severely wounded.
The black bear barely misses you. The black bear claws you.
The black bear closely misses you. The black bear bites you.
* * * LOW HITPOINT WARNING * * *
The black bear completely misses you.
The black bear claws you but does no damage.
You hit the black bear.
The black bear is severely wounded.
The black bear closely misses you. The black bear barely misses you.
The black bear claws you but does no damage.
You barely miss the black bear.
The black bear is severely wounded.
The black bear goes berserk!
You hit the black bear.
The black bear is severely wounded.
The black bear bites you.
* * * LOW HITPOINT WARNING * * *
The black bear claws you but does no damage. x2
The black bear bites you!
You die...

......#.
..#.#.#.###
..........###.#
..#.#.#.......#
....g.og#.#####
..o..o#h# ..
...####S# ## #.
#h# #@# ## #.#
#. #.# #. #.#
#.#. #.# #.#.
#.# . #.#. #)#
. #.#. ###.###
.# ##.#.
#.....# .#
##..#.


You could see a black bear (berserk), a hound, an adder, an orc and a hobgoblin.

Vanquished Creatures
  A hound (D:3)
  Crazy Yiuf (D:2)
  5 adders
  2 worms
  3 dart slugs
  6 orcs
  7 bats
  8 endoplasms
  4 giant cockroaches
  6 goblins
  3 hobgoblins (D:3)
  4 jackals (D:4)
  A ball python (D:1)
  A frilled lizard (D:2)
  3 kobolds
  2 rats
57 creatures vanquished.

Notes
Turn   | Place    | Note
-------+----------+-------------------------------------------
     0 | D:1      | Pixllover the Gargoyle Berserker began the quest for the
                  | Orb.
     0 | D:1      | Reached XP level 1. HP: 14/14 MP: 1/1
   525 | D:2      | Reached XP level 2. HP: 19/19 MP: 2/2
   768 | D:2      | Reached XP level 3. HP: 18/24 MP: 3/3
   873 | D:2      | Found a runed translucent door.
   874 | D:2      | Noticed Crazy Yiuf
   882 | D:2      | Killed Crazy Yiuf
   996 | D:2      | Reached XP level 4. HP: 29/29 MP: 4/4
  1452 | D:3      | Reached ** piety under Trog
  1598 | D:3      | Found a faded altar of an unknown god.
  1658 | D:3      | Reached XP level 5. HP: 33/33 MP: 5/5
  2166 | D:4      | Noticed a black bear
  2185 | D:4      | Slain by a black bear

Illustrated notes

Levels and vault maps discovered:
D:1:      lightli_arrival_statue_moat, layout_rooms, minivault_25,
          minmay_misc_feat_tiny
D:2:      layout_rooms, uniq_crazy_yiuf_cottage
D:3:      layout_basic, shapermc_ecumenical_altar_acropolis,
          minmay_fractal_squares_diagonal_5
D:4:      layout_loops_ring, uniq_grinder

Skill      XL: |  1  2  3  4  5 |
---------------+----------------+-----
Fighting       | 4 |  4.3
Maces & Flails | 4 |  4.5
Armour         | 3 |  3.5
Dodging        | 2 |  2.0
Stealth        | |  0.1

Action                     |  1- 3 |  4- 6 || total
---------------------------+-------+-------++-------
  Melee: Mace              |    55 |   174 ||   229
         Punch             |     1 |     2 ||     3
 Armour: Animal skin       |     5 |       ||     5
         Chain mail        |    33 |   225 ||   258
  Dodge: Dodged            |    28 |   130 ||   158

Table legend: (Time is in decaauts)
 A = Elapsed time spent in this place.
 B = Non-inter-level travel time spent in this place.
 C = Inter-level travel time spent in this place.
 D = Time resting spent in this place.
 E = Time spent auto-exploring this place.
 F = Levels seen in this place.
 G = Mean time per level.
                   A        B        C        D        E       F      G
               +--------+--------+--------+--------+--------+-----+--------+
         Total |   2229 |   2201 |     28 |     92 |   1087 |   4 |  557.2 |
       Dungeon |   2229 |   2201 |     28 |     92 |   1087 |   4 |  557.2 |
               +--------+--------+--------+--------+--------+-----+--------+

Top non-repeatable levels by time:
     D:3: 863 daAuts
     D:2: 591 daAuts
     D:1: 483 daAuts
     D:4: 291 daAuts
